 Dungeon Crawl Stone Soup version 0.26.1-11-gd32895ea62 (webtiles) character file.

Game seed: 17232666411918639030

129 Arcadio the Grasshopper (level 4, 0/38 HPs)
             Began as a Palentonga Warper on May 18, 2021.
             Succumbed to an adder's poison
             ... on level 2 of the Dungeon.
             The game lasted 00:04:48 (2804 turns).

Arcadio the Grasshopper (Palentonga Warper)         Turns: 2804, Time: 00:04:49

Health: 0/38       AC:  4    Str: 15    XL:     4   Next: 88%
Magic:  7/7        EV: 10    Int: 14    God:
Gold:   53         SH:  0    Dex:  9    Spells: 7/7 levels left

rFire    . . .     SeeInvis +   a - +0 falchion
rCold    . . .     Faith    .   (no shield)
rNeg     . . .     Spirit   .   b - +0 leather armour
rPois    .         Reflect  .   (no helmet)
rElec    .         Harm     .   (no cloak)
rCorr    .         Rampage  .   (no gloves)
Will     .....                  (no barding)
Stlth    +.........             (no amulet)
HPRegen  0.12/turn              (no ring)
MPRegen  0.10/turn              (no ring)

@: brilliant, lethally poisoned (0 -> -6)
A: large, rugged brown scales 3, see invisible, deformed body, roll 1, armoured
tail
a: Rolling Charge


You were on level 2 of the Dungeon.
You visited 1 branch of the dungeon, and saw 3 of its levels.

You collected 53 gold pieces.

Inventory:

Hand Weapons
 a - a +0 falchion (weapon)
Missiles
 e - 3 boomerangs of dispersal
Armour
 b - a +0 leather armour (worn)
 m - a +0 cloak
 o - a +0 buckler
Jewellery
 g - an uncursed ring of protection from cold {unknown}
Scrolls
 h - a scroll of remove curse {unknown}
 j - a scroll of noise {unknown}
 l - 3 scrolls of identify {unknown}
 n - 2 scrolls of teleportation {unknown}
 p - 3 scrolls of enchant weapon {unknown}
 r - a scroll of amnesia {unknown}
Potions
 c - a potion of heal wounds
 f - a potion of haste {unknown}
 i - a potion of degeneration {unknown}
 k - a potion of magic {unknown}
 q - a potion of brilliance


   Skills:
 - Level 2.0 Fighting
 + Level 3.0 Long Blades
 - Level 0.6 Throwing
 + Level 2.0 Armour
 + Level 2.5 Dodging
 - Level 2.0 Spellcasting
 + Level 3.8 Translocations


You had 7 spell levels left.
You didn't know any spells.
Your spell library contained the following spells:

 Spells                   Type           Power        Failure   Level
 Blink                    Tloc           N/A          10%         2
 Gell's Gravitas          Tloc           9%           19%         3
 Lesser Beckoning         Tloc           9%           19%         3
 Teleport Other           Tloc           18%          19%         3
 Passage of Golubria      Tloc           N/A          52%         4


Dungeon Overview and Level Annotations

Branches:
Dungeon (3/15)

Altars:

Annotations:
D:3 1 transporter


Innate Abilities, Weirdness & Mutations

You are completely covered in rugged brown scales. (AC +3, +7% HP)
You have supernaturally acute eyesight. (SInv)
Armour fits poorly on your strangely shaped body.
You can roll at nearby foes to attack.
You have a long armoured tail.


Message History

You hit the adder but do no damage.
Your tail-slap misses the adder.
The adder is almost dead.
The adder barely misses you.
You barely miss the adder.
The adder is almost dead.
You feel sick. The adder bites you but does no damage. The adder bites you.
* * * LOW HITPOINT WARNING * * *
You are lethally poisoned!
The adder poisons you!
You closely miss the adder.
The adder is almost dead.
* * * LOW HITPOINT WARNING * * *
You feel sick. The adder barely misses you.
You closely miss the adder. You tail-slap the adder.
The adder is almost dead.
The adder bites you but does no damage. The adder bites you.
* * * LOW HITPOINT WARNING * * *
It was a potion of brilliance.
You feel clever all of a sudden.
You die...

..<.#.......#
#........###.......
#.###.##.####
######.#####.######
#.#...##.######### #.......#
#.#.#.#..........##############
#.#.#....#######.##...........#
# #.#.#.#.## #.#.......####.# #
#.#.#.#.# #.#.......# #.# #
..#.#.#.# #.#.......# #.# #
###.#.#.# #@##....### #.# #
#.#.#.# #S##....# #.### #.#.#.#
#.##....# #.#.. #.#.#.#
#.##....# #.### #...#.#
#.##....# #.... #####.#
#.##....# ##### #######'#####
#.......# ............#
####....#### ............###
#.......#######


You could see an adder.

Vanquished Creatures
  An orc priest (D:3)
  An orc wizard (D:3)
  An adder (D:2)
  An ooze (D:2)
  3 worms
  A leopard gecko (D:1)
  2 orcs (D:3)
  7 bats
  4 giant cockroaches
  3 goblins
  5 hobgoblins
  4 jackals (D:1)
  2 quokkas (D:2)
  A ball python (D:1)
  4 frilled lizards
  4 kobolds
  7 rats
51 creatures vanquished.

Vanquished Creatures (others)
  2 plants (D:3)
2 creatures vanquished.

Grand Total: 53 creatures vanquished

Notes
Turn   | Place    | Note
-------+----------+-------------------------------------------
     0 | D:1      | Arcadio the Palentonga Warper began the quest for the Orb.
     0 | D:1      | Reached XP level 1. HP: 18/18 MP: 3/3
   103 | D:1      | Reached skill level 1 in Armour
   114 | D:1      | Reached XP level 2. HP: 14/25 MP: 5/5
   779 | D:1      | Reached XP level 3. HP: 31/31 MP: 6/6
  2646 | D:3      | Reached XP level 4. HP: 31/38 MP: 7/7
  2754 | D:3      | Found a transporter.
  2803 | D:2      | HP: 1/38 [adder (2)]
  2804 | D:2      | Succumbed to an adder's poison

Illustrated notes

Levels and vault maps discovered:
D:1:      ncdulo_wetmaze, layout_loops_corners
D:2:      layout_basic
D:3:      layout_rooms, gammafunk_ghost_gnarly_gnolls

Skill      XL: |  1  2  3  4 |
---------------+-------------+-----
Armour         | 1 2 |  2.0
Dodging        | 2 |  2.5
Long Blades    | 3 |  3.0
Fighting       | |  2.0
Throwing       | |  0.6
Spellcasting   | |  2.0
Translocations | |  3.8

Action                   |  1- 3 |  4- 6 || total
-------------------------+-------+-------++-------
Melee: Falchion          |   141 |    37 ||   178
       Tailslap          |    17 |     4 ||    21
Throw: Boomerang         |     2 |       ||     2
 Abil: Rolling Charge    |     2 |     1 ||     3
  Use: Scroll            |     2 |     1 ||     3
       Potion            |       |     2 ||     2
Armor: Leather armour    |    59 |    13 ||    72
Dodge: Dodged            |    64 |    22 ||    86
       Rpst.: Falchion   |    21 |     9 ||    30
